 Dungeon Crawl Stone Soup version 0.32-a0-132-g2d33c3cfaf (webtiles) character file.

Game seed: 2880366769304239699

179 zeratav the Sneak (level 5, -3/37 HPs)
             Began as an Octopode Shapeshifter on Feb 10, 2024.
             Killed by divine providence
             ... invoked by an orc priest
              (12 damage)
             ... on level 4 of the Dungeon.
             The game lasted 00:03:36 (2518 turns).

zeratav the Sneak (Octopode Shapeshifter)           Turns: 2518, Time: 00:03:36

Health: -3/37      AC:  1    Str: 16    XL:     5   Next: 59%
Magic:  5/5        EV: 13    Int: 18    God:
Gold:   151        SH:  0    Dex: 11    Spells: 4/4 levels left

rFire   . .          .
                       - Unarmed
rCold   . . .        (no shield)
rNeg    + . .        (helmet currently unavailable)
rPois   .            (no amulet)
rElec   .            o - ring of positive energy
rCorr   .            r - +6 ring of intelligence
SInv    .            (no ring)
Will    .....        (no ring)
Stlth   ++++         (no ring)
HPRegen 0.26/turn    (no ring)
MPRegen 0.09/turn    (no ring)
                     (no ring)

%: no passive effects
@: beast-form
A: beast (slay +1), almost no armour, amphibious, 8 rings, camouflage 1,
gelatinous body 1, (nimble swimmer 1), tentacles
a: Begin Untransformation


You were on level 4 of the Dungeon.
You were a hulking beast.
You visited 1 branch of the dungeon, and saw 4 of its levels.

You collected 151 gold pieces.


Innate Abilities, Weirdness & Mutations

You are a hulking beast.
Your limbs bulge with bestial killing power. (Slay +1)
You cannot wear most types of armour.
You are amphibious.
You can wear up to eight rings at the same time.
Your skin changes colour to match your surroundings (Stealth+).
Your rubbery body absorbs attacks. (AC +1, EV +1)
((You are camouflaged when in or above water. (Stealth+)))
You have tentacles for arms and can constrict up to eight enemies at once.


   Skills:
 + Level 3.8 Fighting
 - Level 2.0 Dodging
 - Level 5.0 Stealth
 - Level 3.0 Unarmed Combat
 - Level 3.0 Shapeshifting


You had 4 spell levels left.
You didn't know any spells.
Your spell library contained the following spells:

 Spells                   Type           Power      Damage    Failure   Level
 Gell's Gravitas          Tloc           0%         N/A       54%         3
 Teleport Other           Tloc           0%         N/A       54%         3
 Dispersal                Tloc           0%         N/A       100%        6

Inventory:

Jewellery
 o - a ring of positive energy (left tentacle)
   (You found it on level 2 of the Dungeon)
 r - a +6 ring of intelligence (right tentacle)
   (You found it on level 3 of the Dungeon)
Talismans
 b - a beast talisman
 c - a flux talisman
Scrolls
 d - 4 scrolls of identify {unknown}
 e - 2 scrolls of noise {unknown}
 g - a scroll of silence {unknown}
 h - a scroll of immolation {unknown}
 j - 2 scrolls of teleportation {unknown}
 n - a scroll of revelation {unknown}
 s - a scroll of enchant armour {unknown}
 t - a scroll of blinking {unknown}
 u - a scroll of fog {unknown}
Potions
 a - a potion of lignification {!q}
 f - 2 potions of resistance {unknown}
 i - a potion of heal wounds {unknown}
 k - 2 potions of mutation {unknown}
 l - a potion of brilliance {unknown}
 m - a potion of might {unknown}
 p - a potion of cancellation {unknown}
 q - a potion of curing {unknown}

Dungeon Overview and Level Annotations

Branches:
Dungeon (4/15) Zot: 21489
 Temple: D:4-7

Altars:

Shops:
D:3

[= ..## ## ...##
#. .....# #.#
....##
#.####.....#
#..[........
#..#o).....#
#..#h####.# #
#........... ##.
#..).####.#.
#...##.........
#............
......###.#.#####
##.## #...#
#####.#.#######
..<...........#


You could see an orc priest.


Message History

No target in view!
No target in view!
No target in view!
No target in view!
No target in view!
No target in view!
No target in view!
No target in view!
No target in view!
No target in view!
You see here a ball python corpse.
You now have 132 gold pieces (gained 8).
You see here a +0 dagger {short}.
Found a stone staircase leading down.
There is a stone staircase leading down here.
Found a glowing cloak.
You now have 145 gold pieces (gained 13).
Found a stone staircase leading up.
An orc priest comes into view. It is wielding a +0 short sword.
You see here 6 gold pieces.
An orc priest is nearby!
You now have 151 gold pieces (gained 6).
An orc wizard comes into view. It is wielding a +2 dagger of pain.
The orc priest shouts!
You tentacle-slap the orc priest but do no damage.
Your grab misses the orc priest.
You squeeze the orc priest, but do no damage.
You hear a shout!
An orc priest comes into view. It is wielding a +0 club.
The orc priest hits you with a +0 short sword.
HP[-1]
You take 1 damage, and now have 35/36 hp.
You bludgeon the orc priest! Your grab misses the orc priest.
You squeeze the orc priest!
You kill the orc priest!
The orc priest mumbles some strange prayers to Beogh against you.
Pain shoots through your body! The orc wizard barely misses you.
The orc priest casts a cantrip, but nothing happens.
HP[-6]
You take 6 damage, and now have 29/36 hp.
You tentacle-slap the orc wizard. Your grab misses the orc wizard.
The orc wizard points at you and mumbles some strange words.
The puff of flame misses you.
You closely miss the orc wizard. You grab the orc wizard.
You tentacle-slap the orc wizard. You squeeze the orc wizard.
You constrict the orc wizard, but do no damage.
The orc wizard barely misses you.
You tentacle-slap the orc wizard but do no damage.
You tentacle-slap the orc wizard.
You constrict the orc wizard, but do no damage.
The orc wizard hits you with a +2 dagger of pain.
The orc priest looks encouraged for a moment.
HP[-1]
You take 1 damage, and now have 28/36 hp.
You tentacle-slap the orc wizard.
You squeeze the orc wizard, but do no damage.
You constrict the orc wizard. The orc priest hits you with a +0 club.
The orc wizard hits you with a +2 dagger of pain.
HP[-9]
You take 9 damage, and now have 19/36 hp.
MASSIVE DAMAGE!! (PAUSE)
You tentacle-slap the orc wizard.
You kill the orc wizard!
The orc priest completely misses you.
HP[+1]
You now have 37 max hp (+1).
You barely miss the orc priest. You grab the orc priest.
You squeeze the orc priest.
You constrict the orc priest, but do no damage.
The orc priest hits you with a +0 club.
HP[-1]
You take 1 damage, and now have 19/37 hp.
You tentacle-slap the orc priest.
You constrict the orc priest, but do no damage.
The orc priest barely misses you.
You tentacle-slap the orc priest but do no damage.
You constrict the orc priest. The orc priest hits you with a +0 club.
* * * LOW HITPOINT WARNING * * *
You are too injured to fight recklessly!
HP[-6]
You take 6 damage, and now have 13/37 hp.
You are too injured to fight recklessly!
You are too injured to fight recklessly!
You are too injured to fight recklessly!
You tentacle-slap the orc priest but do no damage.
Your tentacle-slap misses the orc priest.
You constrict the orc priest. The orc priest hits you with a +0 club.
* * * LOW HITPOINT WARNING * * *
HP[-4]
You take 4 damage, and now have 9/37 hp.
You tentacle-slap the orc priest but do no damage.
You squeeze the orc priest, but do no damage.
You constrict the orc priest.
The orc priest miscasts a cantrip.
You tentacle-slap the orc priest but do no damage.
You constrict the orc priest.
The orc priest calls down the wrath of Beogh upon you.
Beogh smites you!
You die...

Skill      XL: |  1  2  3  4  5 |
---------------+----------------+-----
Stealth        | 2 3 5 |  5.0
Fighting       | 2 3 |  3.8
Dodging        | |  2.0
Unarmed Combat | |  3.0
Shapeshifting  | |  3.0

Action                     |  1- 3 |  4- 6 || total
---------------------------+-------+-------++-------
  Melee: Unarmed           |    60 |    71 ||   131
         Constrict         |    14 |    18 ||    32
         Tentacles         |     8 |    14 ||    22
         Punch             |     4 |     4 ||     8
   Stab: Sleeping          |     9 |    11 ||    20
 Armour: Skin              |    18 |    29 ||    47
  Dodge: Dodged            |    46 |    36 ||    82

Levels and vault maps discovered:
D:1:      minmay_arrival_hallway, layout_basic,
          dilly_ecumenical_altar_fadedgnrine
D:2:      layout_basic, uniq_jessica
D:3:      layout_loops_ring, serial_shops, shop, nicolae_shop_hallway_stairs
D:4:      layout_loops_ring, uniq_menkaure

Notes
Turn   | Place    | Note
-------+----------+-------------------------------------------
     0 | D:1      | zeratav the Octopode Shapeshifter began the quest for the
                  | Orb.
     0 | D:1      | Reached XP level 1. HP: 13/13 MP: 1/1
     0 | D:1      | magus.rc [v1.9.6]
    38 | D:1      | Reached skill level 1 in Stealth
   124 | D:1      | Reached skill level 2 in Stealth
   153 | D:1      | Reached XP level 2. HP: 18/18 MP: 2/2
   223 | D:1      | Reached skill level 3 in Stealth
   469 | D:1      | Reached XP level 3. HP: 23/23 MP: 3/3
   599 | D:1      | You add the spells Gell's Gravitas, Teleport Other and
                  | Dispersal to your library.
   602 | D:1      | Found a faded altar of an unknown god.
   790 | D:2      | Noticed Jessica
   803 | D:2      | Killed Jessica
   804 | D:2      | Reached skill level 4 in Stealth
   824 | D:2      | Reached skill level 5 in Stealth
  1154 | D:2      | Reached XP level 4. HP: 23/28 MP: 4/4
  1527 | D:3      | HP: 7/29 [poisoned by an adder]
  1532 | D:3      | HP: 3/29 [poisoned by an adder]
  1534 | D:3      | HP: 1/29 [poisoned by an adder]
  1666 | D:3      | Found Kuungyuv's Armour Shop.
  1817 | D:3      | Reached skill level 2 in Fighting
  2064 | D:3      | Found Kuloykiuff's Jewellery Shoppe.
  2143 | D:3      | Reached XP level 5. HP: 36/36 MP: 5/5
  2194 | D:3      | Reached skill level 3 in Fighting
  2516 | D:4      | HP: 9/37 [orc priest/+0 club (5)]
  2518 | D:4      | Killed from afar by an orc priest

Vanquished Creatures
  An orc priest (D:4)
  Jessica (D:2)
  An orc wizard (D:4)
  4 adders (D:3)
  A ribbon worm (D:3)
  An orc (D:3)
  4 bats
  9 endoplasms
  A giant cockroach (D:1)
  7 goblins
  7 hobgoblins
  4 jackals (D:3)
  A quokka (D:3)
  8 ball pythons
  A frilled lizard (D:2)
  6 kobolds
  A rat (D:1)
58 creatures vanquished.

Table legend:
 A = Non-vault XP
 B = Vault XP
 C = Vault XP percentage of total XP
 D = Non-vault monster count
 E = Vault monster count
 F = Vault count percentage of total count
                 A         B        C        D         E       F
            +---------+---------+-------+---------+---------+-------
      Total |     219 |      37 |  14.5 |      57 |       1 |   1.7
            +---------+---------+-------+---------+---------+-------
        D:1 |      34 |       0 |   0.0 |      21 |       0 |   0.0
        D:2 |      11 |      37 |  77.1 |       7 |       1 |  12.5
        D:3 |      94 |       0 |   0.0 |      25 |       0 |   0.0
        D:4 |      80 |       0 |   0.0 |       4 |       0 |   0.0
            +---------+---------+-------+---------+---------+-------

Skill      XL: |  1  2  3  4  5 |
---------------+----------------+-----
Stealth        | 2 3 5 |  5.0
Fighting       | 2 3 |  3.8
Dodging        | |  2.0
Unarmed Combat | |  3.0
Shapeshifting  | |  3.0

Action                     |  1- 3 |  4- 6 || total
---------------------------+-------+-------++-------
  Melee: Unarmed           |    60 |    71 ||   131
         Constrict         |    14 |    18 ||    32
         Tentacles         |     8 |    14 ||    22
         Punch             |     4 |     4 ||     8
   Stab: Sleeping          |     9 |    11 ||    20
 Armour: Skin              |    18 |    29 ||    47
  Dodge: Dodged            |    46 |    36 ||    82

Illustrated notes

Table legend:
 A = Kills in this place as a percentage of kills in the entire game.
 B = Kills by you in this place as a percentage of kills by you in the entire game.
 C = Kills by friends in this place as a percentage of kills by friends in the entire game.
 D = Other kills in this place as a percentage of other kills in the entire game.
 E = Experience gained in this place as a percentage of experience gained in the entire game.
 F = Experience gained in this place divided by the number of levels of this place that you have seen.
                   A       B       C       D       E      F
               +-------+-------+-------+-------+-------+----------------------
         Total | 100.0 | 100.0 |   N/A |   N/A | 100.0 |  64.0
       Dungeon | 100.0 | 100.0 |   N/A |   N/A | 100.0 |  64.0
               +-------+-------+-------+-------+-------+----------------------

Table legend: (Time is in decaauts)
 A = Elapsed time spent in this place.
 B = Non-inter-level travel time spent in this place.
 C = Inter-level travel time spent in this place.
 D = Time resting spent in this place.
 E = Time spent auto-exploring this place.
 F = Levels seen in this place.
 G = Mean time per level.
                   A        B        C        D        E       F      G
               +--------+--------+--------+--------+--------+-----+--------+
         Total |   2510 |   2427 |     83 |    113 |   1941 |   4 |  627.5 |
       Dungeon |   2510 |   2427 |     83 |    113 |   1941 |   4 |  627.5 |
               +--------+--------+--------+--------+--------+-----+--------+

Top non-repeatable levels by time:
     D:3: 908 daAuts
     D:2: 743 daAuts
     D:1: 729 daAuts
     D:4: 129 daAuts
